 Dungeon Sprint DCSS version 0.30-a0-177-g1cb5dbfd7a (webtiles) character file.

Game seed: 2547224895796348320

117 rocky1 the Cudgeller (level 5, -4/55 HPs)
             Began as an Ogre Gladiator on Oct 3, 2022.
             Was an Initiate of Okawaru.
             Slain by a gnoll
             ... wielding a +0 spear
             ... led by a gnoll bouda
              (6 damage)
             ... in the Dungeon (Sprint VII: "The Pits").
             The game lasted 00:02:32 (367 turns).

rocky1 the Cudgeller (Ogre Gladiator)                Turns: 367, Time: 00:02:33

Health: -4/55      AC:  3    Str: 20    XL:     5   Next: 1%
Magic:  6/6        EV: 10    Int:  9    God:    Okawaru [......]
Gold:   0          SH:  0    Dex: 10    Spells: 4/4 levels left

rFire   . . .      SeeInvis .    a - +0 flail
rCold   . . .      Faith    .    (no shield)
rNeg    . . .      Spirit   .    b - +0 robe
rPois   .          Reflect  .    c - +0 hat
rElec   .          Harm     .    (no cloak)
rCorr   .          Rampage  .    (gloves unavailable)
Will    .....      NoTele   +    (boots unavailable)
Stlth   +.........               (no amulet)
HPRegen 0.29/turn                (no ring)
MPRegen 0.10/turn                (no ring)

@: on berserk cooldown, slowed, very slow
A: large, unfitting armour, tough skin 1
a: Renounce Religion


You were in the Dungeon.
You worshipped Okawaru.
Okawaru was noncommittal.
You visited 1 branch

Inventory:

Hand Weapons
 a - a +0 flail (weapon)
Missiles
 d - 3 throwing nets (quivered)
 e - a large rock
Armour
 b - a +0 robe (worn)
 c - a +0 hat (worn)
Scrolls
 k - a scroll of blinking
 m - 5 scrolls of amnesia
Potions
 h - a potion of haste
 i - 4 potions of magic
 j - a potion of berserk rage
 l - a potion of invisibility


   Skills:
 + Level 4.4 Fighting
 + Level 7.9 Maces & Flails
 - Level 2.0 Throwing
 + Level 3.6 Dodging
 + Level 2.6 Invocations


You had 4 spell levels left.
You didn't know any spells.
Your spell library was empty.

Dungeon Overview and Level Annotations

Branches:
Dungeon (1/1)

Altars:
Ashenzari
Cheibriados
Dithmenos
Elyvilon
Fedhas
Gozag
Hepliaklqana
Kikubaaqudgha
Makhleb
Nemelex Xobeh
Okawaru
Qazlal
Ru
Sif Muna
Trog
Uskayaw
Vehumet
Wu Jian
Xom
Yredelemnul
Zin
The Shining One
Jiyva
Lugonu


Innate Abilities, Weirdness & Mutations

You are too large for most types of armour.
You have tough skin. (AC +1)


Message History

The gnoll bouda is heavily wounded.
The gnoll is no longer moving quickly.
The gnoll closely misses you. The gnoll barely misses you.
The gnoll bouda barks out a call to the hunt!
The gnoll picks up the pace!
The gnoll barely misses you. The gnoll barely misses you.
There is an open door here.
You see here a frilled lizard corpse.
The gnoll hits you with a +0 club.
* * * LOW HITPOINT WARNING * * *
The gnoll hits you with a +0 club.
* * * LOW HITPOINT WARNING * * *
There is an open door here.
You flicker for a moment.
The gnoll hits you but does no damage. The gnoll closely misses you.
You closely miss the gnoll.
Unknown command.
You flicker back into view.
You sock the gnoll bouda!
You kill the gnoll bouda!
Okawaru accepts your kill.
The gnoll hits you from afar with a +0 spear.
* * * LOW HITPOINT WARNING * * *
The gnoll hits you with a +0 club.
* * * LOW HITPOINT WARNING * * *
Your Fighting skill increases to level 4!
Your Invocations skill increases to level 2!
You have reached level 5!
You thump the gnoll!
The gnoll is almost dead.
The gnoll hits you from afar with a +0 spear!
* * * LOW HITPOINT WARNING * * *
The gnoll misses you.
Unknown command.
You barely miss the gnoll.
The gnoll is almost dead.
The gnoll hits you from afar with a +0 spear.
You die...

############
#_________.#
#_________.#
#_______...###########
##########'##.........
#.?(.')))'.##......#..
##########.##.........
#....@g.....'.........
#+#####g#####......#..
#...).# #.........
#....g# ####'#####
###g### #.......#
#..go.# #.......#
#.....# #.......#
####l## #...<...#
#...Z....##.......#


You could see 2 gnolls.

Vanquished Creatures
  A scorpion (D)
  A gnoll bouda (D)
  2 gnolls (D)
  An adder skeleton (D)
  A giant cockroach (D)
  A goblin (D)
  A frilled lizard (D)
8 creatures vanquished.

Notes
Turn   | Place    | Note
-------+----------+-------------------------------------------
     0 | D        | rocky1 the Ogre Gladiator began the quest for the Orb.
     0 | D        | Reached XP level 1. HP: 22/22 MP: 1/1
    11 | D        | Noticed a scorpion
    19 | D        | Killed a scorpion
    20 | D        | Reached skill level 7 in Maces & Flails
    20 | D        | Reached XP level 2. HP: 13/29 MP: 2/2
    20 | D        | Reached XP level 3. HP: 17/36 MP: 3/3
    20 | D        | Reached XP level 4. HP: 21/44 MP: 4/4
   266 | D        | Found a bloodstained altar of Trog.
   266 | D        | Found a shimmering blue altar of Sif Muna.
   266 | D        | Found a viscous altar of Jiyva.
   266 | D        | Found a hazy altar of Hepliaklqana.
   266 | D        | Found an opulent altar of Gozag.
   267 | D        | Found a glowing golden altar of the Shining One.
   267 | D        | Found a glowing silver altar of Zin.
   267 | D        | Found a basalt altar of Yredelemnul.
   267 | D        | Found a shimmering altar of Xom.
   267 | D        | Found an ornate altar of the Wu Jian Council.
   267 | D        | Found a sacrificial altar of Ru.
   267 | D        | Found a stormy altar of Qazlal.
   267 | D        | Found an iron altar of Okawaru.
   267 | D        | Found a sparkling altar of Nemelex Xobeh.
   267 | D        | Found a burning altar of Makhleb.
   267 | D        | Found a blossoming altar of Fedhas.
   267 | D        | Found a white marble altar of Elyvilon.
   267 | D        | Found a shadowy altar of Dithmenos.
   267 | D        | Found a snail-covered altar of Cheibriados.
   269 | D        | Found a radiant altar of Vehumet.
   269 | D        | Found a corrupted altar of Lugonu.
   270 | D        | Found a hide-covered altar of Uskayaw.
   270 | D        | Found an ancient bone altar of Kikubaaqudgha.
   270 | D        | Found a broken altar of Ashenzari.
   277 | D        | Became a worshipper of Warmaster Okawaru
   337 | D        | Reached skill level 1 in Invocations
   348 | D        | HP: 3/69 [gnoll bouda/+0 whip (9)]
   366 | D        | Reached XP level 5. HP: 8/55 MP: 6/6
   366 | D        | HP: 1/55 [gnoll/+0 spear[a gnoll bouda] (7)]
   367 | D        | Slain by a gnoll

Illustrated notes

Levels and vault maps discovered:
D:        pitsprint [storerooms_1, entrance_room_1, metal_vault_8, armoury_2,
          mini_pit_1, grid_room_1, main_hall_1, silver_pit, the_coven_3,
          the_vestibule_1, steel_vault_3, golden_pit, hallway_of_sentries,
          crystal_vault_2, iron_vault_4, final_vault]

Skill      XL: |  1  2  3  4 |
---------------+-------------+-----
Maces & Flails | 7 |  7.9
Fighting       | 4 |  4.4
Dodging        | 3 |  3.6
Invocations    | 2 |  2.6
Throwing       | |  2.0

Action                   |  1- 3 |  4- 6 || total
-------------------------+-------+-------++-------
Melee: Flail             |     6 |    26 ||    32
  Use: Potion            |     1 |     4 ||     5
Armor: Robe              |     1 |     6 ||     7
Dodge: Dodged            |     3 |    32 ||    35

Table legend: (Time is in decaauts)
 A = Elapsed time spent in this place.
 B = Non-inter-level travel time spent in this place.
 C = Inter-level travel time spent in this place.
 D = Time resting spent in this place.
 E = Time spent auto-exploring this place.
 F = Levels seen in this place.
 G = Mean time per level.
                   A        B        C        D        E       F      G
               +--------+--------+--------+--------+--------+-----+--------+
         Total |    381 |    381 |      0 |    253 |      0 |   1 |  381.0 |
       Dungeon |    381 |    381 |      0 |    253 |      0 |   1 |  381.0 |
               +--------+--------+--------+--------+--------+-----+--------+

Top non-repeatable levels by time:
       D: 381 daAuts
